 Dungeon Crawl Stone Soup version 0.19-b1-5-gdc9fa9d (webtiles) character file.

195 varam the Twirler (level 5, 0/30 HPs)
             Began as a Gargoyle Gladiator on Oct 31, 2016.
             Slain by a big kobold
             ... wielding a +0 dagger
              (2 damage)
             ... on level 4 of the Dungeon.
             The game lasted 00:05:06 (3400 turns).

varam the Twirler (Gargoyle Gladiator)              Turns: 3400, Time: 00:05:08

Health: 0/30       AC: 10    Str: 18    XL:     5   Next: 74%
Magic:  0/5        EV: 12    Int:  9    God:
Gold:   126        SH:  0    Dex: 11    Spells: 0 memorised, 4 levels left

rFire  + . .     SeeInvis .     a - +0 quarterstaff
rCold  . . .     Gourm    .     B - +2 leather armour {rF+}
rNeg   + . .     Faith    .     (shield currently unavailable)
rPois  ∞         Spirit   +     c - +0 helmet
rElec  +         Reflect  .     (no cloak)
rCorr  .         Harm     .     (no gloves)
MR     +....                    (no boots)
Stlth  +.........               p - amulet of guardian spirit
                                (no ring)
                                l - ring of protection from magic

@: no status effects
A: negative energy resistance 1, electricity resistance, unbreathing,
petrification resistance, rot immunity, AC +4
a: no special abilities


You were on level 4 of the Dungeon.
You were not hungry.

You visited 1 branch of the dungeon, and saw 4 of its levels.

You collected 126 gold pieces.

Inventory:

Hand Weapons
 a - a +0 quarterstaff (weapon)
Missiles
 d - 3 throwing nets (quivered)
Armour
 b - a +0 leather armour
 c - a +0 helmet (worn)
 B - a +2 leather armour of fire resistance (worn)
Jewellery
 l - a ring of protection from magic (left hand)
 p - an amulet of guardian spirit (around neck)
Wands
 A - a wand of lightning (8/15)
Scrolls
 h - a scroll of teleportation {unknown}
 j - 2 scrolls of identify
 k - a scroll of noise {unknown}
 q - 2 scrolls of immolation
 t - 2 scrolls of magic mapping
 w - a scroll of random uselessness {unknown}
 y - a scroll of remove curse
 z - a scroll of enchant armour {unknown}
Potions
 e - a potion of might {unknown}
 i - a potion of heal wounds {unknown}
 m - a potion of haste {unknown}
 r - a potion of resistance {unknown}
 s - a potion of agility {unknown}
 u - a potion of flight {unknown}
 v - 2 potions of curing
Comestibles
 f - 4 bread rations
 g - 2 beef jerkies
 n - 7 fruits
 o - a meat ration


   Skills:
 - Level 2.1 Fighting
 + Level 6.2 Staves
 - Level 1.7 Throwing
 - Level 2.4 Dodging


You had 4 spell levels left.
You didn't know any spells.

Dungeon Overview and Level Annotations

Branches:
Dungeon (4/15)
 Temple: D:4-7

Altars:
Gozag

Annotations:
D:3 Purgy; teton's ghost, amateur DECj
D:4 Menkaure


Innate Abilities, Weirdness & Mutations

You are resistant to torment.
Your stone body is resilient. (AC +4)
You are immune to poison.
You resist negative energy. (rN+)
You are resistant to electric shocks. (rElec)
You can survive without breathing.
You are immune to petrification.
You are immune to rotting.


Message History

Menkaure is severely damaged.
The leopard gecko bites the plant but does no damage.
The kobold hits you but does no damage.
The rat bites the bush but does no damage.
The kobold barely misses you. Menkaure casts a spell at you.
You resist with some effort. The big kobold hits you with a dagger.
* * * LOW HITPOINT WARNING * * *
You hit Menkaure.
Menkaure is severely damaged.
The leopard gecko bites the bush but does no damage.
The rat twitches its whiskers.
The rat bites the bush but does no damage.
The kobold completely misses you. The kobold hits you but does no damage.
Unknown command.
You hit Menkaure.
Menkaure is severely damaged.
The leopard gecko bites the bush but does no damage.
The big kobold hits you with a dagger.
You die... ### #♣P♣PP♣♣♣# PPPPP..≈PP♣# PPPP.....PP# .r#.......P### .l#...§%÷....# .l#......(P#.# PPP..KKMPP#.# PPPP.K@PP##.#

## ♣♣♣♣♣♣P♣#.# ##.
##########.# ..
#.M....###.## # #.
#.##.#......#
#.##.#.#####.##.#.##...#
#...............#(#....#
######[####.####.#...)#
.% #....M...##.#.##.#


You could see a big kobold, Menkaure, 2 leopard geckos, 2 kobolds and a rat.

Vanquished Creatures
  Ijyb (D:3)
  Jessica (D:3)
  6 adders
  An ooze (D:2)
  5 worms
  2 leopard geckos (D:2)
  3 ball pythons
  7 bats
  4 giant cockroaches
  11 goblins
  6 hobgoblins
  6 jackals
  3 kobolds
  2 quokkas (D:2)
  2 frilled lizards
  7 rats
67 creatures vanquished.

Notes
Turn   | Place    | Note
-------+----------+-------------------------------------------
     0 | D:1      | varam the Gargoyle Gladiator began the quest for the Orb.
     0 | D:1      | Reached XP level 1. HP: 12/12 MP: 1/1
   154 | D:1      | Reached XP level 2. HP: 17/17 MP: 2/2
   579 | D:1      | Reached skill level 4 in Staves
   780 | D:1      | Reached XP level 3. HP: 21/21 MP: 3/3
   952 | D:2      | Reached XP level 4. HP: 16/26 MP: 4/4
  1003 | D:2      | Found an opulent altar of Gozag.
  1302 | D:2      | Reached skill level 5 in Staves
  2163 | D:3      | Noticed teton's ghost (amateur DECj)
  2456 | D:3      | Reached XP level 5. HP: 30/30 MP: 5/5
  2547 | D:3      | Noticed Jessica
  2548 | D:3      | Noticed Ijyb
  2566 | D:3      | Killed Ijyb
  2569 | D:3      | Killed Jessica
  2569 | D:3      | Reached skill level 6 in Staves
  3238 | D:3      | Noticed Purgy
  3346 | D:4      | Noticed Menkaure
  3373 | D:4      | Noticed a big kobold
  3397 | D:4      | HP: 3/30 [Menkaure (10)]
  3400 | D:4      | Slain by a big kobold

Skill      XL: |  1  2  3  4  5 |
---------------+----------------+-----
Staves         | 4 5 6 |  6.2
Fighting       | |  2.1
Throwing       | |  1.7
Dodging        | |  2.4

Action                   |  1- 3 |  4- 6 || total
-------------------------+-------+-------++-------
Melee: Quarterstaff      |    91 |   173 ||   264
  Use: Scroll            |       |     5 ||     5
  Eat: Chunk             |       |     8 ||     8
Armor: Robe              |    36 |    47 ||    83
       Leather armour    |       |    37 ||    37
Dodge: Dodged            |    69 |   146 ||   215
